 Dungeon Crawl Stone Soup version 0.23.2-1-ga50397a (webtiles) character file.

Game seed: 1367815524472675810

1157 cab the Geomancer (level 8, -4/44 HPs)
             Began as a Gargoyle Earth Elementalist on May 29, 2019.
             Slain by an orc warrior
             ... wielding a +0 long sword
              (16 damage)
             ... on level 5 of the Dungeon.
             The game lasted 00:35:03 (8447 turns).

cab the Geomancer (Gargoyle Earth Elementalist)     Turns: 8447, Time: 00:35:04

Health: -4/44      AC: 18    Str: 11    XL:     8   Next: 39%
Magic:  3/11       EV: 11    Int: 19    God:
Gold:   278        SH:  0    Dex: 10    Spells: 7/11 levels left

rFire    . . .     SeeInvis .   H - +0 mace (protect)
rCold    . . .     Gourm    .   (no shield)
rNeg     + . .     Faith    .   m - +1 leather armour
rPois    ∞         Spirit   .   (no helmet)
rElec    +         Reflect  .   (no cloak)
rCorr    .         Harm     .   (no gloves)
MR       .....                  o - +0 pair of boots
Stlth    ++........             (no amulet)
HPRegen  0.14/turn              h - +3 ring of slaying
MPRegen  0.12/turn              (no ring)

@: protection aura
A: negative energy resistance 1, electricity resistance, unbreathing,
petrification resistance, rot immunity, AC +5
a: no special abilities


You were on level 5 of the Dungeon.
You were not hungry.

You visited 1 branch of the dungeon, and saw 6 of its levels.
You also visited: Ossuary.

You collected 422 gold pieces.
You spent 144 gold pieces at shops.

Inventory:

Hand Weapons
 r - a +1 hunting sling of freezing
 u - a +0 flail of draining
 G - a +4 quarterstaff of chaos
 H - a +0 mace of protection (weapon)
Missiles
 b - 86 stones (quivered)
 e - 53 sling bullets
Armour
 m - a +1 leather armour (worn)
 o - a +0 pair of boots (worn)
 B - a +0 buckler
 F - the +2 ratskin cloak {+Rats rPois rN+ Str-1 Int-1 Dex+1}
   (You found it on level 5 of the Dungeon)

   It affects your strength (-1).
   It affects your intelligence (-1).
   It affects your dexterity (+1).
   It protects you from poison.
   It protects you from negative energy.
Jewellery
 h - a +3 ring of slaying (left hand)
 i - an uncursed amulet of the acrobat {unknown}
 t - an uncursed amulet of guardian spirit {unknown}
Wands
 C - a wand of acid (11)
Scrolls
 f - a scroll of blinking
 g - 3 scrolls of remove curse
 q - 7 scrolls of identify
 s - 2 scrolls of teleportation
 v - 4 scrolls of magic mapping {unknown}
 x - a scroll of fear {unknown}
 y - 2 scrolls of amnesia {unknown}
 D - a scroll of vulnerability {unknown}
Potions
 a - 2 potions of heal wounds
 c - 2 potions of curing {unknown}
 k - a potion of haste
 l - a potion of invisibility {unknown}
 p - 6 potions of lignification
 w - 3 potions of degeneration {unknown}
 z - a potion of might {unknown}
 A - a potion of agility {unknown}
Comestibles
 d - 4 rations
 E - 3 chunks of flesh


   Skills:
 + Level 2.3 Fighting
 - Level 4.3 Armour
 - Level 1.5 Dodging
 - Level 2.1 Stealth
 + Level 2.4 Shields
 + Level 2.0 Spellcasting
 - Level 5.5 Conjurations
   Level 0.7 Transmutations
 + Level 8.1 Earth Magic


You had 7 spell levels left.
You knew the following spells:

 Your Spells              Type           Power        Failure   Level  Hunger
a - Sandblast             Erth           ####..       1%          1    #......
b - Stone Arrow           Conj/Erth      ####..       3%          3    ###....

Your spell library contained the following spells:

 Spells                   Type           Power        Failure   Level  Hunger
 Passwall                 Tmut/Erth      ###.....     5%          2    ###....
 Dazzling Spray           Conj/Hex       ##....       21%         3    ###....
 Corona                   Hex            #......      22%         1    #......
 Lee's Rapid Deconstruct  Erth           ####......   22%         5    ######.
 Ensorcelled Hibernation  Hex/Ice        #.....       32%         2    ###....
 Petrify                  Tmut/Erth      ###.....     34%         4    #####..
 Confuse                  Hex            #.......     54%         3    ###....
 Tukima's Dance           Hex            #.......     54%         3    ###....
 Summon Ice Beast         Ice/Summ       #.......     91%         4    #####..
 Freezing Cloud           Conj/Ice/Air   #.........   100%        6    #######
 Discord                  Hex            #.........   100%        8    #######


Dungeon Overview and Level Annotations

Branches:
Dungeon (6/15)
 Temple: D:4-7

Altars:
Ashenzari
Gozag
Hepliaklqana
Qazlal
Ru
The Shining One

Shops:
D:5 *[[?!   D:6 *

Annotations:
D:4 Pikel


Innate Abilities, Weirdness & Mutations

You are resistant to torment.
Your stone body is resilient. (AC +5)
You are immune to poison.
You resist negative energy. (rN+)
You are resistant to electric shocks. (rElec)
You can survive without breathing.
You are immune to petrification.
You are immune to rotting.


Message History

The orc warrior barely misses you.
You hit the orc warrior.
Your weapon exudes an aura of protection.
The orc warrior is almost dead.
The orc warrior misses you.
You hit the orc warrior but do no damage.
The orc warrior is almost dead.
The orc warrior hits you but does no damage.
You closely miss the orc warrior.
The orc warrior is almost dead.
The orc warrior barely misses you.
You closely miss the orc warrior.
The orc warrior is almost dead.
The orc warrior hits you with a +0 long sword!
The orc warrior hits you with a +0 long sword.
* * * LOW HITPOINT WARNING * * *
You hit the orc warrior but do no damage.
The orc warrior is almost dead.
The orc warrior hits you with a +0 long sword!
You die...

.################
#...............#
#...............#
###############.#
#♣######.#
#........# #
#♣∩♣#######
#######..#########
........♣......o@#
##################
# ### ######.##
##.##.#.##
..#.#.##.#
.###.###.#
##.#####.##
#.#.#.###.#


You could see an orc warrior.

Vanquished Creatures
  Menkaure (D:5)
  Duvessa (D:5)
  2 ogres
  Dowan (D:5)
  A jelly (D:5)
  2 crimson imps (D:5)
  A hound (D:4)
  Crazy Yiuf (D:5)
  Jessica (D:2)
  A hell rat (D:5)
  3 worker ants (D:5)
  2 big kobold zombies (Ossuary)
  8 mummies (Ossuary)
  Robin (D:2)
  6 adders
  6 river rats (D:5)
  A shadow imp (D:5)
  2 oozes (D:4)
  4 dart slugs
  4 worms
  4 leopard geckos
  7 orcs
  3 ball pythons
  5 giant cockroaches
  A gnoll zombie (Ossuary)
  16 goblins
  9 hobgoblins
  6 jackals
  6 kobolds
  2 quokkas
  7 bats
  7 frilled lizards
  A goblin zombie (D:5)
  A hobgoblin zombie (Ossuary)
  3 kobold zombies (Ossuary)
  2 leopard gecko skeletons (D:4)
  An orc zombie (Ossuary)
  A quokka zombie (D:5)
  21 rats
  A fungus (D:5)
  A plant (D:1)
154 creatures vanquished.

Notes
Turn   | Place    | Note
-------+----------+-------------------------------------------
     0 | D:1      | cab the Gargoyle Earth Elementalist began the quest for the
                  | Orb.
     0 | D:1      | Reached XP level 1. HP: 10/10 MP: 3/3
   316 | D:1      | Reached skill level 4 in Earth Magic
   319 | D:1      | Reached XP level 2. HP: 3/15 MP: 0/5
  1344 | D:1      | Reached XP level 3. HP: 8/19 MP: 6/6
  1625 | D:1      | Learned a level 3 spell: Stone Arrow
  1656 | D:1      | Reached skill level 5 in Earth Magic
  2267 | D:1      | Reached skill level 1 in Conjurations
  2724 | D:2      | Noticed Robin
  2969 | D:2      | Killed Robin
  2969 | D:2      | Reached XP level 4. HP: 18/24 MP: 1/7
  3451 | D:2      | Noticed Jessica
  3453 | D:2      | Killed Jessica
  3514 | D:2      | Reached skill level 1 in Armour
  3514 | D:2      | Reached XP level 5. HP: 19/28 MP: 8/8
  4842 | D:3      | Reached skill level 6 in Earth Magic
  5531 | D:4      | Found a sacrificial altar of Ru.
  5643 | D:4      | Noticed an ogre
  5649 | D:4      | Killed an ogre
  5649 | D:4      | Reached XP level 6. HP: 31/32 MP: 4/9
  5923 | D:4      | Noticed a slave
  5934 | D:4      | Found a hazy altar of Hepliaklqana.
  5936 | D:4      | Found a stormy altar of Qazlal.
  5937 | D:4      | Noticed Pikel
  5937 | D:4      | Noticed a slave
  5937 | D:4      | Noticed a slave
  5937 | D:4      | Noticed a slave
  5992 | D:5      | Entered Level 5 of the Dungeon
  5996 | D:5      | Found a stormy altar of Qazlal.
  6077 | D:5      | Found Piexa's Magic Scroll Shoppe.
  6077 | D:5      | Found Unepots's Antique Armour Boutique.
  6115 | D:5      | Found Fosm's Distillery.
  6194 | D:5      | Reached XP level 7. HP: 36/36 MP: 5/10
  6211 | D:5      | Found a sand-covered staircase.
  6248 | Ossuary  | Entered an ossuary
  6327 | Ossuary  | Reached skill level 7 in Earth Magic
  6794 | D:5      | Noticed Duvessa
  6794 | D:5      | Noticed Dowan
  6806 | D:5      | Killed Duvessa
  6828 | D:5      | Killed Dowan
  7024 | D:5      | Bought a buckler for 144 gold pieces
  7073 | D:5      | Reached skill level 5 in Conjurations
  7106 | D:5      | Identified the Grimoire of Hexes and the Glacier
  7298 | D:5      | Reached XP level 8. HP: 42/42 MP: 11/11
  7411 | D:5      | Found an opulent altar of Gozag.
  7414 | D:5      | Reached skill level 1 in Fighting
  7414 | D:5      | Reached skill level 1 in Shields
  7467 | D:5      | Found a glowing golden altar of the Shining One.
  7467 | D:5      | Found a shattered altar of Ashenzari.
  7468 | D:5      | Found an opulent altar of Gozag.
  7511 | D:5      | Found Juitzoig's General Store.
  7520 | D:5      | Noticed Menkaure
  7524 | D:5      | Killed Menkaure
  7526 | D:5      | Found Cesim's Antique Armour Shop.
  7771 | D:5      | Reached skill level 8 in Earth Magic
  7792 | D:5      | Found the +2 ratskin cloak {+Rats rPois rN+ Str-1 Int-1
                  | Dex+1}
  8057 | D:5      | Found a runed translucent door.
  8058 | D:5      | Noticed Crazy Yiuf
  8064 | D:5      | Killed Crazy Yiuf
  8405 | D:6      | Found Japse's General Store.
  8447 | D:5      | Slain by an orc warrior

Skill      XL: |  1  2  3  4  5  6  7  8 |
---------------+-------------------------+-----
Earth Magic    | 4 5 6 7 8 |  8.1
Conjurations   | 1 2 3 4 5 |  5.5
Armour         | 1 2 3 4 |  4.3
Fighting       | 2 |  2.3
Shields        | 2 |  2.4
Dodging        | |  1.5
Stealth        | |  2.1
Spellcasting   | |  2.0
Transmutations | |  0.7

Action                   |  1- 3 |  4- 6 |  7- 9 || total
-------------------------+-------+-------+-------++-------
Melee: Unarmed           |    25 |       |       ||    25
       Dagger            |     5 |    51 |   122 ||   178
       Club              |   229 |    97 |       ||   326
       Mace              |       |       |     7 ||     7
 Cast: Sandblast         |    31 |    29 |    52 ||   112
       Stone Arrow       |       |     9 |    11 ||    20
  Use: Scroll            |       |     9 |       ||     9
       Potion            |       |       |     1 ||     1
 Stab: Sleeping          |     3 |       |     7 ||    10
       Distracted        |     1 |     1 |       ||     2
  Eat: Chunk             |     7 |    12 |     6 ||    25
       Ration            |       |       |     1 ||     1
Armor: Robe              |    92 |    56 |       ||   148
       Leather armour    |       |     3 |    41 ||    44
Dodge: Dodged            |   183 |   144 |    45 ||   372
